 Dungeon Crawl Stone Soup version 0.28.0-49-g6dfe1f597d (webtiles) character file.

Game seed: 15705031228621579867

286 greasedhog the Shield-Bearer (level 6, 20/37 HPs)
             Began as a Gargoyle Fighter on May 11, 2022.
             Quit the game on level 3 of the Dungeon.
             The game lasted 00:04:02 (2001 turns).

greasedhog the Shield-Bearer (Gargoyle Fighter)     Turns: 2001, Time: 00:04:03

Health: 20/37      AC: 12    Str: 21    XL:     6   Next: 30%
Magic:  6/6        EV:  9    Int:  9    God:
Gold:   123        SH:  4    Dex:  9    Spells: 5/5 levels left

rFire   . . .      SeeInvis .   a - +0 flail (spect)
rCold   . . .      Faith    .   c - +0 buckler
rNeg    + . .      Spirit   .   b - +0 scale mail
rPois   ∞          Reflect  .   (no helmet)
rElec   +          Harm     .   (no cloak)
rCorr   .          Rampage  .   i - +0 pair of gloves
Will    .....                   (no boots)
Stlth   ..........              (no amulet)
HPRegen 0.12/turn               (no ring)
MPRegen 0.10/turn               (no ring)

@: mighty
A: sickness immunity, AC +4, negative energy resistance 1, electricity
resistance, torment resistance 1, petrification resistance
a: no special abilities


You were on level 3 of the Dungeon.
You visited 1 branch of the dungeon, and saw 3 of its levels.

You collected 123 gold pieces.

Inventory:

Hand Weapons
 a - a +0 spectral flail (weapon)
Armour
 b - a +0 scale mail (worn)
 c - a +0 buckler (worn)
 i - a +0 pair of gloves (worn)
 l - a +0 plate armour
Jewellery
 e - a ring of wizardry
Scrolls
 h - a scroll of brand weapon
 j - 2 scrolls of identify {unknown}
 k - a scroll of teleportation {unknown}
 m - a scroll of fog {unknown}
Potions
 f - a potion of lignification {unknown}
 g - a potion of brilliance {unknown}


   Skills:
 - Level 3.2 Fighting
 + Level 1.0(1.2) Short Blades
 + Level 0.8(1.1) Long Blades
 - Level 2.0 Maces & Flails
 + Level 0.8 Polearms
 + Level 1.1(1.3) Slings
 + Level 1.0 Bows
 + Level 1.0 Crossbows
 + Level 0.9(1.2) Throwing
 - Level 3.2 Armour
 - Level 3.2 Shields
 + Level 1.0 Conjurations
 + Level 0.7 Hexes
 + Level 0.8 Summonings
 + Level 0.6 Necromancy
 + Level 0.8 Translocations
 + Level 0.5 Transmutations
 + Level 1.1 Fire Magic
 + Level 1.0 Ice Magic
 + Level 0.7 Air Magic
 + Level 1.0 Earth Magic
 + Level 0.9 Poison Magic
 + Level 1.2 Invocations
 + Level 1.1 Evocations


You had 5 spell levels left.
You didn't know any spells.
Your spell library was empty.

Dungeon Overview and Level Annotations

Branches:
Dungeon (3/15)

Altars:


Innate Abilities, Weirdness & Mutations

You are immune to sickness and miasma.
Your stone body is resilient. (AC +4)
You are immune to poison.
You resist negative energy. (rN+)
You are resistant to electric shocks. (rElec)
You are resistant to unholy torment.
You are immune to petrification.


Message History

You resist with significant effort. Grinder hits you.
You writhe in agony.
You hit Grinder.
Grinder is moderately wounded.
Your +0 spectral flail hits Grinder.
Grinder barely misses you.
You closely miss Grinder.
Grinder is moderately wounded.
Your +0 spectral flail hits Grinder!
Grinder barely misses you. Grinder gestures at you.
Pain shoots through your body!
You are too injured to fight recklessly!
You are too injured to fight recklessly!
You are too injured to fight recklessly!
You are too injured to fight recklessly!
You hit Grinder.
Grinder is heavily wounded.
Your +0 spectral flail barely misses Grinder.
Grinder blinks!
Okay, then.
You feel very mighty all of a sudden.
You closely miss Grinder.
Grinder is heavily wounded.
Your +0 spectral flail hits Grinder!
Grinder hits you but does no damage. x2
You closely miss Grinder.
Grinder is almost dead.
Your +0 spectral flail hits Grinder.
Grinder closely misses your +0 spectral flail.
You sock Grinder!
You kill Grinder!
Your Short Blades skill increases to level 1!
Your Slings skill increases to level 1!
Your Bows skill increases to level 1!
Your Crossbows skill increases to level 1!
Your Conjurations skill increases to level 1!
Your Fire Magic skill increases to level 1!
Your Ice Magic skill increases to level 1!
Your Earth Magic skill increases to level 1!
Your Invocations skill increases to level 1!
Your Evocations skill increases to level 1!
You have reached level 5!
You have reached level 6!
Are you sure you want to abandon this character and quit the game? (Confirm with "yes".)

..### #####.. ..#. .....
..#. ..... +#.. ### ...
.(.. ... ... ...# #.###
#.# ...### ...# #.# .
..<..# #.### #.# ##.##
.†.#.# ##...###@#......
...#.####.....##........
...#...##.##.....§......
...###.##.###....#.##+##
...# #....# #....#.#
...# ###### #.##.#..
#### #.#### ## #.. #.#


There were no monsters in sight!

Vanquished Creatures
  Grinder (D:3)
  3 adders
  2 dart slugs
  3 ball pythons
  2 bats (D:1)
  6 endoplasms
  2 giant cockroaches
  6 goblins (D:1)
  3 hobgoblins
  13 jackals
  A quokka (D:1)
  3 frilled lizards
  3 kobolds
  3 rats
51 creatures vanquished.

Notes
Turn   | Place    | Note
-------+----------+-------------------------------------------
     0 | D:1      | greasedhog the Gargoyle Fighter began the quest for the
                  | Orb.
     0 | D:1      | Reached XP level 1. HP: 14/14 MP: 1/1
   269 | D:1      | Reached XP level 2. HP: 13/19 MP: 2/2
   795 | D:1      | Reached XP level 3. HP: 23/23 MP: 3/3
   974 | D:1      | Found a faded altar of an unknown god.
  1578 | D:2      | Reached XP level 4. HP: 28/28 MP: 4/4
  1982 | D:3      | Noticed Grinder
  2000 | D:3      | Killed Grinder
  2001 | D:3      | Reached skill level 1 in Short Blades
  2001 | D:3      | Reached skill level 1 in Slings
  2001 | D:3      | Reached skill level 1 in Bows
  2001 | D:3      | Reached skill level 1 in Crossbows
  2001 | D:3      | Reached skill level 1 in Conjurations
  2001 | D:3      | Reached skill level 1 in Fire Magic
  2001 | D:3      | Reached skill level 1 in Ice Magic
  2001 | D:3      | Reached skill level 1 in Earth Magic
  2001 | D:3      | Reached skill level 1 in Invocations
  2001 | D:3      | Reached skill level 1 in Evocations
  2001 | D:3      | Reached XP level 5. HP: 17/32 MP: 5/5
  2001 | D:3      | Reached XP level 6. HP: 20/37 MP: 6/6
  2001 | D:3      | Quit the game

Illustrated notes

Levels and vault maps discovered:
D:1:      dpeg_arrival_simpleton_c, layout_basic,
          ebering_ecumenical_altar_petrified, serial_aquarium,
          aquarium_bridge_straight [aquarium_subvault_bridge,
          aquarium_subvault_balcony, aquarium_subvault_bridge,
          aquarium_subvault_wall], aquarium_window_1, aquarium_window_corner,
          aquarium_window_1, aquarium_view_2c, aquarium_view_2c,
          aquarium_balcony_3b, aquarium_pool_corner
D:2:      layout_rooms
D:3:      layout_basic, nicolae_qazlal_general_emergency,
          kennysheep_generic_room_11, uniq_grinder

Skill      XL: |  1  2  3  4 |
---------------+-------------+-----
Short Blades   | 1 |  1.0
Slings         | 1 |  1.1
Bows           | 1 |  1.0
Crossbows      | 1 |  1.0
Conjurations   | 1 |  1.0
Fire Magic     | 1 |  1.1
Ice Magic      | 1 |  1.0
Earth Magic    | 1 |  1.0
Invocations    | 1 |  1.2
Evocations     | 1 |  1.1
Fighting       | |  3.2
Long Blades    | |  0.8
Maces & Flails | |  2.0
Polearms       | |  0.8
Throwing       | |  0.9
Armour         | |  3.2
Shields        | |  3.2
Hexes          | |  0.7
Summonings     | |  0.8
Necromancy     | |  0.6
Translocations | |  0.8
Transmutations | |  0.5
Air Magic      | |  0.7
Poison Magic   | |  0.9

Action                   |  1- 3 |  4- 6 || total
-------------------------+-------+-------++-------
Melee: Flail             |   106 |    35 ||   141
  Use: Scroll            |     1 |       ||     1
       Potion            |       |     1 ||     1
Armor: Scale mail        |    68 |    16 ||    84
Dodge: Dodged            |    48 |    14 ||    62
Block: Buckler           |    13 |     2 ||    15
